 Dungeon Crawl Stone Soup version 0.30.1-11-g7821555f0a (webtiles) character file.

Game seed: 3330839459457263897

174846 Eryximachus the Geomancer (level 18, -4/112 HPs)
             Began as a Gargoyle Earth Elementalist on Nov 25, 2023.
             Was the Champion of Vehumet.
             Blown up by an orb spider (25 damage)
             ... with an orb of destruction
             ... on level 4 of the Spider Nest on Nov 26, 2023.
             The game lasted 02:50:14 (41637 turns).

Eryximachus the Geomancer (GrEE)                   Turns: 41637, Time: 02:50:15

Health: -4/112     AC: 24    Str: 17 (18) XL:     18   Next: 8%
Magic:  0/43       EV: 16    Int: 24      God:    Vehumet [******]
Gold:   1506       SH:  0    Dex: 10      Spells: 8/41 levels left

rFire   . . .        b - +7 whip "Lomaof" {vamp, Str+4 Int+2}
rCold   . . .        V - orb {*channel}
rNeg    + . .        P - +0 acid dragon scales
rPois   ∞            Z - +0 mask of the Dragon {Will+ Slay+3 SInv}
rElec   +            I - +0 cloak
rCorr   +            A - +0 pair of gloves
SInv    +            t - +1 pair of boots
Will    ++...        D - amulet of guardian spirit
Stlth   ++           M - ring of magical power
HPRegen 0.38/turn    E - +5 ring of evasion
MPRegen 0.28/turn

%: guardian spirit, channel magic (20%)
@: wereblooded, flying
A: sickness immunity, AC +13, big wings, negative energy resistance 1,
electricity resistance, torment resistance 1, petrification resistance
a: Renounce Religion


You were on level 4 of the Spider Nest.
You worshipped Vehumet.
Vehumet was exalted by your worship.
You visited 5 branches of the dungeon, and saw 26 of its levels.

You collected 2800 gold pieces.
You spent 1294 gold pieces at shops.


Innate Abilities, Weirdness & Mutations

You are immune to sickness and miasma.
Your stone body is resilient. (AC +13)
You are immune to poison.
Your large and strong wings let you fly.
You resist negative energy. (rN+)
You are resistant to electric shocks. (rElec)
You are resistant to unholy torment.
You are immune to petrification.


   Skills:
 + Level 12.1 Fighting
 - Level 14.0 Maces & Flails
 - Level 3.0 Throwing
 + Level 1.7 Armour
 + Level 2.4 Dodging
 + Level 3.7 Stealth
 - Level 12.0 Spellcasting
 * Level 12.8 Conjurations
 - Level 7.0 Transmutations
 - Level 2.0 Air Magic
 + Level 14.4 Earth Magic
 - Level 10.0 Poison Magic
 - Level 6.0 Evocations


You had 8 spell levels left.
You knew the following spells:

 Your Spells              Type           Power      Damage    Failure   Level
a - Passwall              Tmut/Erth      50%        N/A       1%          2
b - Wereblood             Tmut           48%        N/A       3%          2
l - Lee's Rapid Deconstr  Erth           35%        3d18*     1%          5
m - Mephitic Cloud        Conj/Pois/Air  52%        N/A       1%          3
o - Olgreb's Toxic Radia  Pois           58%        N/A       1%          4
p - Petrify               Tmut/Erth      60%        N/A       4%          4
s - Iron Shot             Conj/Erth      34%        9d7       3%          6
w - Stone Arrow           Conj/Erth      100%       3d13      1%          3
z - Sandblast             Erth           100%       2d20      1%          1
X - Ignite Poison         Fire/Tmut/Pois 41%        N/A       2%          3

Your spell library contained the following spells:

 Spells                   Type           Power      Damage    Failure   Level
 Ignition                 Fire           7%         3d4       100%        8
 Kiss of Death            Conj/Necr      100%       2d13      1%          1
 Magic Dart               Conj           100%       1d8       1%          1
 Poisonous Vapours        Pois/Air       86%        N/A       1%          2
 Sting                    Tmut/Pois      100%       1d8       2%          1
 Spider Form              Tmut/Pois      53%        N/A       3%          3
 Frozen Ramparts          Ice            28%        1d5       11%         3
 Freezing Cloud           Conj/Ice/Air   19%        6-21      13%         5
 Eringya's Noxious Bog    Tmut/Pois      26%        N/A       14%         6
 Apportation              Tloc           28%        N/A       17%         1
 Necrotise                Necr           56%        1d6       17%         1
 Summon Small Mammal      Summ           56%        N/A       17%         1
 Yara's Violent Unravell  Hex/Tmut       15%        3d8       19%         5
 Call Imp                 Summ           28%        N/A       22%         2
 Blade Hands              Tmut           24%        N/A       22%         5
 Ice Form                 Ice/Tmut       31%        N/A       32%         4
 Call Canine Familiar     Summ           14%        N/A       36%         3
 Confusing Touch          Hex            14%        N/A       36%         3
 Gell's Gravitas          Tloc           14%        N/A       36%         3
 Portal Projectile        Hex/Tloc       28%        N/A       36%         3
 Summon Guardian Golem    Hex/Summ       14%        N/A       36%         3
 Tukima's Dance           Hex            14%        N/A       36%         3
 Dispel Undead            Necr           14%        3d10      71%         4
 Summon Ice Beast         Ice/Summ       14%        N/A       71%         4
 Metabolic Englaciation   Hex/Ice        7%         N/A       95%         5
 Cigotuvi's Dreadful Rot  Necr/Pois/Air  Unusable   N/A       N/A         2
 Statue Form              Tmut/Erth      Unusable   N/A       N/A         6

Inventory:

Hand Weapons
 b - the +7 whip "Lomaof" (weapon) {vamp, Str+4 Int+2}
   (You took it off a kobold on level 4 of the Dungeon)

   Str:       It affects your strength (+4).
   Int:       It affects your intelligence (+2).
Missiles
 j - 7 curare-tipped darts {=f}
Armour
 t - a +1 pair of boots (worn)
 A - a +0 pair of gloves (worn)
 I - a +0 cloak (worn)
 L - a scarf of resistance
 P - +0 acid dragon scales (worn)
 V - an orb of energy (worn)
 Z - the +0 mask of the Dragon (worn) {Will+ Slay+3 SInv}
   (You bought it in a shop on level 9 of the Dungeon)

   Slay:      It affects your accuracy & damage with ranged weapons and melee
   (+3).
   SInv:      It lets you see invisible.
   Will:      It increases your willpower.
Magical Staves
 a - the staff of poison "Xeemod" {rPois rF++, !a}
   (You found it on level 10 of the Dungeon)

   [staff of poison]

   Base accuracy: +5 Base damage: 5 Base attack delay: 1.2 This weapon's minimum
   attack delay (0.6) is reached at skill level 12.
   rF:        It greatly protects you from fire.
   rPois:     It protects you from poison.
   It falls into the 'Staves' category.
   It is a one-handed weapon.
Jewellery
 D - an amulet of guardian spirit (around neck)
 E - a +5 ring of evasion (right hand)
 M - a ring of magical power (left hand)
 W - a ring of willpower
Wands
 r - a wand of iceblast (21)
 x - a wand of paralysis (26)
 z - a wand of flame (68) (quivered)
 C - a wand of mindburst (17)
Scrolls
 c - 7 scrolls of teleportation {@r2}
 d - a scroll of silence {!r}
 e - 4 scrolls of summoning
 k - 4 scrolls of vulnerability
 m - 5 scrolls of enchant armour
 n - 6 scrolls of immolation
 o - 2 scrolls of identify {@r1}
 p - a scroll of brand weapon
 y - 7 scrolls of poison
 B - 3 scrolls of enchant weapon
 H - 3 scrolls of amnesia
 J - 3 scrolls of fog
 K - 2 scrolls of magic mapping
 S - 2 scrolls of fear
Potions
 g - 2 potions of heal wounds {@q2}
 h - 3 potions of magic
 i - 2 potions of ambrosia
 l - 2 potions of invisibility
 s - 4 potions of haste {@q3}
 u - 9 potions of lignification
 v - 6 potions of might
 G - 4 potions of brilliance
 N - 5 potions of mutation
 O - 5 potions of attraction
 Q - 8 potions of curing {@q1}
 U - a potion of resistance
 X - 2 potions of berserk rage {!q}
Miscellaneous
 f - a lightning rod (4/4)
 F - a phantom mirror
 R - a tin of tremorstones (2/2)
 Y - a phial of floods

Dungeon Overview and Level Annotations

Branches:
Dungeon (14/15)            Temple (1/1) D:4            Lair (5/5) D:8
  Swamp (0/4) Lair:2       Spider (4/4) Lair:2        Slime (0/5) Lair:4
    Orc (2/2) D:12            Elf (0/3) Orc:2        Vaults (0/5) D:13

Altars:
Ashenzari
Cheibriados
Dithmenos
Elyvilon
Fedhas
Gozag
Hepliaklqana
Kikubaaqudgha
Makhleb
Nemelex Xobeh
Okawaru
Qazlal
Ru
Sif Muna
Trog
Uskayaw
Vehumet
Wu Jian
Xom
Yredelemnul
Zin
The Shining One

Shops:
D:3 [*   D:5 :   D:8 :   D:9 !*! Orc:2

[*?!
.#..###..#.....##.#
.#................#
.####.....#..##...#
.....#.#^.^#†.##..#
#.......##...○○.####
..#......####..○.^.#
..^^...#....#.#○..##
..##...##.......○##
...####..#^.^###@#
...^.....#...^..##
......#.....#..^#
.#^.....(##....##
^.........######
##...###.##..##
#....^.^......#
#..#..##.....##
#....^.#...###


There were no monsters in sight!


Message History

The broodmother simulacrum vaporises!
Magical energy flows into your mind!
The orb spider weaves a glowing orb of energy.
An orb of destruction comes into view.
Casting: Lee's Rapid Deconstruction (mildly dangerous; 1% risk of failure)
Confirm with . or Enter, or press ? or * to list all spells.
Aiming: Iron Shot (dangerous; 3% risk of failure)
Press: ? - help, Shift-Dir - straight line, f - orb spider
Aim: an orb spider (lightly wounded, 74% to hit)
The iron shot misses the orb spider.
Magical energy flows into your mind!
Unknown command.
Casting: Iron Shot (dangerous; 3% risk of failure)
Confirm with . or Enter, or press ? or * to list all spells.
Aiming: Iron Shot (dangerous; 3% risk of failure)
Press: ? - help, Shift-Dir - straight line, f/p - orb spider
Aim: an orb spider (lightly wounded, 74% to hit)
The iron shot hits the orb spider!!
The orb spider is almost dead.
The orb spider spins a strand of pure energy.
Unknown command.
Casting: Iron Shot (dangerous; 3% risk of failure)
Confirm with . or Enter, or press ? or * to list all spells.
Aiming: Iron Shot (dangerous; 3% risk of failure)
Press: ? - help, Shift-Dir - straight line, f/p - orb spider
Aim: an orb spider (almost dead, fully charged, 74% to hit)
The iron shot hits the orb spider!!!
You kill the orb spider!
Vehumet accepts your kill. The orb of destruction hits you!!!
You die...

Skill      XL: |  1  2  3  4  5  6  7  8  9 10 11 12 13 14 15 16 17 |
---------------+----------------------------------------------------+-----
Transmutations | 1 2 3 4 5 6 7 |  7.0
Earth Magic    | 4 5 6 8 9 10 11 12 13 14 | 14.4
Dodging        | 2 |  2.4
Stealth        | 3 |  3.7
Conjurations   | 1 2 4 6 7 8 9 10 12 | 12.8
Throwing       | 1 2 3 |  3.0
Spellcasting   | 3 4 5 6 8 10 11 12 | 12.0
Poison Magic   | 1 2 3 5 8 9 10 | 10.0
Air Magic      | 1 2 |  2.0
Maces & Flails | 4 5 6 8 10 13 14 | 14.0
Fighting       | 4 6 9 10 11 12 | 12.1
Evocations     | 2 3 5 6 |  6.0
Armour         | 1 |  1.7

Action                     |  1- 3 |  4- 6 |  7- 9 | 10-12 | 13-15 | 16-18 || total
---------------------------+-------+-------+-------+-------+-------+-------++-------
  Melee: Dagger            |     6 |     9 |       |       |       |       ||    15
         Staff             |     3 |       |       |       |       |       ||     3
         Whip              |       |       |   100 |   308 |   685 |   211 ||  1304
         Punch             |       |       |     2 |     3 |     1 |       ||     6
  Throw: Dart              |       |     5 |    18 |     5 |     3 |       ||    31
   Cast: Sandblast         |    48 |    85 |    73 |    81 |   106 |    14 ||   407
         Stone Arrow       |       |       |    71 |   156 |   231 |    54 ||   512
         Olgreb's Toxic Ra |       |       |       |    21 |   110 |    56 ||   187
         Wereblood         |       |       |       |     9 |    31 |     2 ||    42
         Mephitic Cloud    |       |       |       |       |     2 |       ||     2
         Petrify           |       |       |       |       |     2 |       ||     2
         Lee's Rapid Decon |       |       |       |       |    23 |    11 ||    34
         Ignite Poison     |       |       |       |       |     3 |    24 ||    27
         Iron Shot         |       |       |       |       |     1 |   161 ||   162
  Evoke: Wand              |       |     1 |       |    11 |     4 |     8 ||    24
    Use: Scroll            |     2 |     7 |     4 |     4 |    14 |     7 ||    38
         Potion            |       |       |       |     3 |     5 |     5 ||    13
   Stab: Sleeping          |       |       |     1 |       |     1 |       ||     2
         Paralysed         |       |       |       |    11 |     8 |       ||    19
         Petrified         |       |       |       |       |     5 |       ||     5
         Confused          |       |       |       |       |     2 |       ||     2
 Armour: Robe              |    12 |    19 |    69 |    92 |       |       ||   192
         Acid dragon scale |       |       |       |   140 |   455 |   236 ||   831
  Dodge: Dodged            |    14 |    27 |    94 |   269 |   670 |   345 ||  1419

Levels and vault maps discovered:
D:1:      eino_arrival_water_star, layout_rooms
D:2:      layout_loops_ring
D:3:      layout_rooms, nicolae_ecumenical_lake_church, serial_shops, shop,
          nicolae_shop_behind_doors, nicolae_half_adder, uniq_sigmund,
          uniq_robin
D:4:      layout_gridville, minmay_temple_entry_poolview
D:5:      layout_layer_cave, nicolae_gozag_seed_capital, serial_shops,
          kennysheep_mini
D:6:      layout_basic, minmay_misc_feat_pillars, uniq_grinder
D:7:      layout_loops_corners, mainiacjoe_overflow_concentric_impassable,
          marbit_many_paths, nicolae_ru_the_path_less_chosen, grunt_decor_cap,
          worms_lemuel
D:8:      kb_forest_paths, layout_loops_ring, mainiacjoe_overflow_brackets,
          lemuel_coloured_pillars_altar, nicolae_shop_vocational
D:9:      minmay_clustersquares, layout_basic, serial_shops,
          nicolae_square_shop, nicolae_stop_n_shop_1, nicolae_shop_trees
D:10:     layout_rooms, minmay_pinched_square, uniq_nergalle
D:11:     cheibrodos_barr_body, layout_loops_cross,
          hangedman_abyss_or_decor_stagger, minmay_misc_feat_rows,
          chequers_mini_garden, chequers_decorated_corner, uniq_urug
D:12:     layout_irregular_city, orc_0_dummy
D:13:     layout_stronghold, erik_vaults_1
D:14:     layout_basic, chequers_serial_rivers_marsh,
          chequers_serial_rivers_micro_d, minmay_gold_behind_fungi
Temple:   nicolae_temple_elliptical
Lair:1:   layout_layer_cave
Lair:2:   layout_cave_pods, skrybe_swamp_entry_bodies,
          nicolae_spider_entry_tight_spaces, grunt_megastairs_3, uniq_sonja
Lair:3:   layout_big_grid, chequers_serial_rivers_small_a, lemuel_centaur_altar,
          infiniplex_staircase_pool_2
Lair:4:   layout_regular_city, slime_entry_1, grunt_megastairs_5
Lair:5:   evilmike_catoblepas_cave, layout_gridlike, grunt_megastairs_2
Spider:1: layout_spider_delve, nicolae_spider_paper_wasps
Spider:2: layout_spider_delve, nicolae_spider_spiderdrome
Spider:3: layout_spider_delve
Spider:4: grunt_spider_rune_circles, nicolae_spider_shape, uniq_roxanne
Orc:1:    layout_diamond_mine, led_sif_book, uniq_harold
Orc:2:    st_orc_town, layout_diamond_mine

Notes
Turn   | Place    | Note
-------+----------+-------------------------------------------
     0 | D:1      | Eryximachus the Gargoyle Earth Elementalist began the quest
                  | for the Orb.
     0 | D:1      | Reached XP level 1. HP: 10/10 MP: 3/3
   182 | D:1      | Reached skill level 1 in Transmutations
   182 | D:1      | Reached XP level 2. HP: 5/15 MP: 0/5
   719 | D:1      | Reached XP level 3. HP: 19/19 MP: 4/6
   723 | D:1      | Learned a level 3 spell: Stone Arrow
   726 | D:1      | Learned a level 2 spell: Passwall
   846 | D:2      | Reached skill level 4 in Earth Magic
  1035 | D:2      | Reached skill level 2 in Dodging
  1168 | D:2      | Reached XP level 4. HP: 24/24 MP: 3/7
  1238 | D:2      | Reached skill level 3 in Stealth
  1320 | D:2      | Reached skill level 1 in Conjurations
  1752 | D:3      | Found a faded altar of an unknown god.
  1757 | D:3      | Found Riucec's Armour Shoppe.
  1781 | D:3      | Found Zuvuuhyo's Assorted Antiques.
  1825 | D:3      | Noticed Sigmund
  1904 | D:3      | Reached XP level 5. HP: 26/28 MP: 3/9
  1906 | D:3      | Noticed Robin
  2002 | D:3      | Killed Robin
  2353 | D:3      | Reached skill level 2 in Transmutations
  2590 | D:3      | Reached skill level 1 in Throwing
  2590 | D:3      | Reached skill level 3 in Spellcasting
  2590 | D:3      | Reached skill level 2 in Conjurations
  2879 | D:3      | Reached XP level 6. HP: 32/32 MP: 8/10
  2884 | D:3      | Learned a level 3 spell: Mephitic Cloud
  3168 | D:3      | Killed Sigmund
  3169 | D:3      | Reached skill level 5 in Earth Magic
  3169 | D:3      | Reached skill level 1 in Poison Magic
  3579 | D:3      | Reached skill level 1 in Air Magic
  3579 | D:3      | Reached XP level 7. HP: 28/36 MP: 7/12
  3958 | D:4      | Reached skill level 3 in Conjurations
  3985 | D:4      | Reached skill level 2 in Throwing
  4021 | D:4      | Identified the +7 whip "Lomaof" {vamp, Str+4 Int+2}
  4484 | D:4      | Found a staircase to the Ecumenical Temple.
  4636 | Temple   | Entered the Ecumenical Temple
  4787 | Temple   | Became a worshipper of Vehumet
  4825 | D:5      | Entered Level 5 of the Dungeon
  5275 | D:5      | Found Farytal's Book Emporium.
  5383 | D:5      | Found an opulent altar of Gozag.
  5760 | D:5      | Reached * piety under Vehumet
  5760 | D:5      | Offered knowledge of Shock by Vehumet.
  5761 | D:5      | Reached skill level 2 in Poison Magic
  5824 | D:5      | Reached skill level 4 in Conjurations
  5824 | D:5      | Reached XP level 8. HP: 41/41 MP: 3/13
  6213 | D:5      | Reached skill level 2 in Air Magic
  6213 | D:5      | Reached skill level 6 in Earth Magic
  6272 | D:5      | Reached skill level 4 in Spellcasting
  6371 | D:5      | Reached skill level 1 in Maces & Flails
  6923 | D:6      | Reached skill level 3 in Poison Magic
  6940 | D:6      | Noticed Grinder
  6987 | D:6      | Reached skill level 5 in Conjurations
  6996 | D:6      | Reached skill level 3 in Throwing
  7198 | D:6      | Paralysed by Grinder for 4 turns
  7205 | D:6      | Killed Grinder
  7206 | D:6      | Reached skill level 2 in Maces & Flails
  7206 | D:6      | Reached skill level 6 in Conjurations
  7208 | D:6      | Reached skill level 3 in Maces & Flails
  7335 | D:6      | Reached skill level 4 in Maces & Flails
  7335 | D:6      | Reached XP level 9. HP: 45/45 MP: 8/15
  7645 | D:6      | Reached skill level 1 in Fighting
  8127 | D:7      | Reached skill level 1 in Evocations
  8203 | D:7      | Found a shimmering blue altar of Sif Muna.
  8353 | D:7      | Reached skill level 2 in Fighting
  8365 | D:7      | Got Zeol's Spellbook of the Liminal Xenotype
  8697 | D:7      | Reached ** piety under Vehumet
  8698 | D:7      | Reached skill level 3 in Fighting
  8843 | D:7      | Found a shimmering altar of Xom.
  8846 | D:7      | Offered knowledge of Foxfire by Vehumet.
  9105 | D:7      | Reached skill level 5 in Maces & Flails
  9135 | D:7      | Reached skill level 2 in Evocations
  9473 | D:7      | Found a sacrificial altar of Ru.
  9520 | D:8      | Reached skill level 4 in Fighting
  9651 | D:8      | Reached XP level 10. HP: 57/57 MP: 10/17
  9654 | D:8      | Reached skill level 7 in Earth Magic
  9661 | D:8      | Reached skill level 7 in Conjurations
  9829 | D:8      | Found Puklosib's Vocational Training.
  9865 | D:8      | Reached skill level 5 in Fighting
  9865 | D:8      | Reached skill level 5 in Spellcasting
  9877 | D:8      | Reached skill level 3 in Transmutations
  9972 | D:8      | Learned a level 2 spell: Wereblood
 10076 | D:8      | Identified the +5 dagger of Ganom {freeze, Fragile rPois
                  | rC+ Str+3}
 10113 | D:8      | Reached skill level 3 in Evocations
 10732 | D:8      | Offered knowledge of Momentum Strike by Vehumet.
 10733 | D:8      | Reached skill level 6 in Fighting
 11174 | D:8      | Reached skill level 6 in Maces & Flails
 11273 | D:8      | Found a hide-covered altar of Uskayaw.
 11291 | D:8      | Reached *** piety under Vehumet
 11480 | D:8      | Found a staircase to the Lair.
 11634 | D:8      | Found an ornate altar of the Wu Jian Council.
 11857 | D:9      | Found Sulaop's Distillery.
 11894 | D:9      | Bought 2 potions of mutation for 208 gold pieces
 12013 | D:9      | Reached skill level 8 in Earth Magic
 12028 | D:9      | Reached XP level 11. HP: 44/64 MP: 5/19
 12209 | D:9      | Found Axol's Assorted Antiques.
 12223 | D:9      | Found Ehalaeta's Distillery.
 12351 | D:9      | Reached skill level 4 in Transmutations
 12395 | D:9      | Reached skill level 6 in Spellcasting
 12395 | D:9      | Reached skill level 8 in Conjurations
 12540 | D:9      | Reached skill level 7 in Maces & Flails
 12862 | D:9      | Offered knowledge of Olgreb's Toxic Radiance by Vehumet.
 12868 | D:9      | Learned a level 4 spell: Olgreb's Toxic Radiance
 13024 | D:9      | Noticed a two-headed ogre
 13367 | D:9      | Killed a two-headed ogre
 13368 | D:9      | Reached skill level 4 in Poison Magic
 13495 | D:10     | Entered Level 10 of the Dungeon
 13581 | D:10     | Noticed a two-headed ogre
 13594 | D:10     | Noticed a skeletal warrior
 13610 | D:10     | Reached **** piety under Vehumet
 13614 | D:10     | Killed a two-headed ogre
 13624 | D:10     | Identified the +6 scale mail of the Equinox {rC- Int+6
                  | Dex+2}
 13630 | D:10     | Reached skill level 9 in Earth Magic
 13730 | D:10     | Noticed a cyan ugly thing
 13774 | D:10     | Killed a cyan ugly thing
 13775 | D:10     | Reached skill level 8 in Maces & Flails
 13953 | D:10     | Noticed a cyclops
 13961 | D:10     | Killed a cyclops
 13961 | D:10     | Offered knowledge of Inner Flame by Vehumet.
 13961 | D:10     | Noticed Nergalle
 13962 | D:10     | Reached skill level 5 in Poison Magic
 14214 | Lair:1   | Entered Level 1 of the Lair of Beasts
 14777 | Lair:1   | Reached XP level 12. HP: 58/70 MP: 9/22
 14791 | Lair:1   | Reached skill level 10 in Earth Magic
 14892 | Lair:1   | Reached skill level 6 in Poison Magic
 14975 | Lair:1   | Reached skill level 7 in Spellcasting
 15297 | Lair:1   | Identified the +6 short sword of Mourning {antimagic, rC+
                  | Will+ Str-3}
 16267 | Lair:2   | Reached skill level 7 in Poison Magic
 16787 | Lair:2   | Reached skill level 9 in Maces & Flails
 17093 | Lair:2   | Found a hole to the Spider Nest.
 17137 | Lair:2   | Found a staircase to the Swamp.
 17152 | Lair:2   | Reached skill level 8 in Poison Magic
 17319 | Lair:2   | Reached skill level 8 in Spellcasting
 17448 | Lair:2   | Noticed Sonja
 17453 | Lair:2   | Killed Sonja
 17588 | Lair:2   | Noticed a skyshark
 17604 | Lair:2   | Killed a skyshark
 17609 | Lair:2   | Reached ***** piety under Vehumet
 18726 | Lair:3   | Reached skill level 10 in Maces & Flails
 18755 | Lair:3   | Learned a level 4 spell: Petrify
 18764 | Lair:3   | Noticed a five-headed hydra
 18776 | Lair:3   | Killed a five-headed hydra
 18814 | Lair:3   | Found an ornate altar of the Wu Jian Council.
 18827 | Lair:3   | Offered knowledge of Freezing Cloud by Vehumet.
 18903 | Lair:3   | Reached XP level 13. HP: 74/74 MP: 20/25
 18947 | Lair:3   | Reached skill level 9 in Spellcasting
 19258 | Lair:3   | Reached skill level 11 in Maces & Flails
 19581 | Lair:4   | Found a staircase to the Slime Pits.
 19780 | Lair:4   | Reached skill level 10 in Spellcasting
 20476 | Lair:5   | Entered Level 5 of the Lair of Beasts
 20484 | Lair:5   | Reached skill level 12 in Maces & Flails
 20532 | Lair:5   | Reached skill level 13 in Maces & Flails
 20851 | Lair:5   | Identified the +5 war axe of Beseh {heavy, rPois rCorr
                  | Int+4 Dex+5}
 21690 | Lair:5   | Gained mutation: Your large and strong wings let you fly.
                  | [Gargoyle growth]
 21690 | Lair:5   | Reached XP level 14. HP: 74/80 MP: 24/28
 21837 | Lair:5   | Reached skill level 7 in Fighting
 22420 | D:9      | Bought the +0 mask of the Dragon {Will+ Slay+3 SInv} for
                  | 868 gold pieces
 22420 | D:9      | Found the +0 mask of the Dragon {Will+ Slay+3 SInv}
 22502 | D:10     | Killed Nergalle
 22502 | D:10     | Offered knowledge of Eringya's Noxious Bog by Vehumet.
 22511 | D:10     | Learned a level 6 spell: Eringya's Noxious Bog
 23085 | D:10     | Identified the +7 chain mail "Uzoicse" {Str+3}
 23239 | D:10     | Identified the staff of poison "Xeemod" {rPois rF++}
 23419 | D:11     | Identified a scarf of resistance
 23430 | D:11     | Identified a potion of resistance
 23655 | D:11     | Reached skill level 8 in Fighting
 23670 | D:11     | Reached skill level 14 in Maces & Flails
 23670 | D:11     | Reached skill level 5 in Transmutations
 23681 | D:11     | Noticed Urug
 24158 | D:11     | Killed Urug
 24535 | D:11     | Reached skill level 4 in Evocations
 24631 | D:11     | Reached skill level 11 in Earth Magic
 24887 | D:12     | Found a staircase to the Orcish Mines.
 25010 | D:12     | Identified the +0 flail "Sitikific" {spect, rPois Stlth+}
 25194 | D:12     | Reached skill level 9 in Poison Magic
 26044 | Orc:1    | Entered Level 1 of the Orcish Mines
 26048 | Orc:1    | Reached skill level 9 in Fighting
 26091 | Orc:2    | Entered Level 2 of the Orcish Mines
 26091 | Orc:2    | Found a staircase to the Elven Halls.
 26853 | Orc:2    | Reached skill level 5 in Evocations
 26853 | Orc:2    | Reached XP level 15. HP: 84/90 MP: 29/29
 26917 | Orc:2    | Found Mezot's Magic Scroll Shoppe.
 26917 | Orc:2    | Identified a +2 robe of resistance
 26921 | Orc:2    | Offered knowledge of Iron Shot by Vehumet.
 26935 | Orc:2    | Learned a level 6 spell: Iron Shot
 26952 | Orc:2    | Found Seafug's Distillery.
 27152 | Orc:2    | Found Senek's General Store.
 27169 | Orc:2    | Found Radaicuu's Antique Armour Shoppe.
 27206 | Orc:2    | Bought a faintly humming cloak for 218 gold pieces
 27206 | Orc:2    | Identified the +0 cloak "Tufilu" {Rampage rPois Int-3
                  | Dex+2} (You bought it in a shop on level 2 of the Orcish
                  | Mines)
 27614 | Orc:1    | Found a shimmering blue altar of Sif Muna.
 27761 | Orc:1    | Noticed Harold
 27779 | Orc:1    | Killed Harold
 28286 | D:13     | Found a gate to the Vaults.
 28299 | D:13     | Offered knowledge of Lee's Rapid Deconstruction by Vehumet.
 28310 | D:13     | Reached skill level 10 in Fighting
 28320 | D:13     | Learned a level 5 spell: Lee's Rapid Deconstruction
 28463 | D:13     | You are sucked into a shaft and drop 1 floor!
 29023 | D:13     | Reached skill level 6 in Evocations
 29057 | D:13     | Reached skill level 6 in Transmutations
 30828 | Spider:1 | Entered Level 1 of the Spider Nest
 30843 | Spider:1 | Reached skill level 12 in Earth Magic
 31157 | Spider:1 | Reached skill level 10 in Poison Magic
 31939 | Spider:1 | HP: 1/92 [demonic crawler (10)]
 33288 | Spider:1 | Offered knowledge of Plasma Beam by Vehumet.
 33328 | Spider:1 | Learned a level 3 spell: Ignite Poison
 33634 | Spider:1 | Reached skill level 9 in Conjurations
 33637 | Spider:1 | Reached skill level 11 in Spellcasting
 33637 | Spider:1 | Reached XP level 16. HP: 98/98 MP: 31/31
 33851 | Spider:2 | Reached ****** piety under Vehumet
 34817 | Spider:2 | Reached skill level 7 in Transmutations
 35959 | Spider:3 | Reached skill level 10 in Conjurations
 36560 | Spider:3 | Identified a potion of experience
 36561 | Spider:3 | Reached skill level 11 in Fighting
 36561 | Spider:3 | Reached skill level 13 in Earth Magic
 36561 | Spider:3 | Reached XP level 17. HP: 104/104 MP: 32/32
 36671 | Spider:3 | Reached skill level 11 in Conjurations
 36828 | Spider:3 | Offered knowledge of Starburst by Vehumet.
 38040 | Spider:4 | Entered Level 4 of the Spider Nest
 38849 | Spider:4 | Reached skill level 14 in Earth Magic
 39533 | Spider:4 | Reached skill level 12 in Conjurations
 39814 | Spider:4 | Reached skill level 12 in Spellcasting
 40553 | Spider:4 | Reached skill level 12 in Fighting
 40891 | Spider:4 | Identified Roxanne's Spellbook of the Body
 40891 | Spider:4 | Noticed Roxanne
 40897 | Spider:4 | Killed Roxanne
 41082 | Spider:4 | Reached skill level 1 in Armour
 41174 | Spider:4 | Reached XP level 18. HP: 101/112 MP: 23/34
 41613 | Spider:4 | Offered knowledge of Ignition by Vehumet.
 41637 | Spider:4 | Blown up by an orb spider

Vanquished Creatures
  Roxanne (Spider:4)
  2 emperor scorpions
  3 ghost moths (Spider:4)
  2 broodmothers
  6 spark wasps
  5 entropy weavers
  A hydra (Lair:3)
  Harold (Orc:1)
  3 centaur warriors (D:13)
  4 radroaches
  3 catoblepae (Lair:5)
  8 two-headed ogres
  3 jorogumos
  2 dancing weapons (D:13)
  3 boulder beetles
  Urug (D:11)
  5 death yaks (Lair:5)
  An orc high priest (Orc:2)
  Sonja (Lair:2)
  Nergalle (D:10)
  A fire crab (shapeshifter) (D:11)
  A skyshark (Lair:2)
  A skeletal warrior (D:10)
  4 pharaoh ants
  3 sun moths
  A lindwurm (Lair:5)
  7 orb spiders
  2 bog bodies (Lair:2)
  7 steelbarb worms
  2 deep elf pyromancers
  2 manticores (Lair:5)
  17 wolf spiders
  9 orc sorcerers (Orc:2)
  A moth of wrath (Spider:1)
  2 ugly things
  6 cyclopes
  12 elephants
  A black mamba (shapeshifter) (D:14)
  2 black mambas
  10 demonic crawlers
  A gargoyle (D:10)
  7 torpor snails
  3 unseen horrors
  14 cane toads
  A kobold demonologist (D:11)
  2 komodo dragons
  A freezing wraith (D:14)
  3 meliai (Spider:3)
  13 trolls
  Grinder (D:6)
  14 blink frogs
  A hornet (Lair:2)
  33 tarantellas
  2 polar bears
  A centaur simulacrum (D:14)
  22 culicivoras
  13 slime creatures
  31 jumping spiders
  64 yaks
  Sigmund (D:3)
  2 vampires
  8 spriggans (D:8)
  3 wraiths
  4 basilisks
  6 vampire mosquitoes (D:11)
  2 steam dragons
  44 redbacks
  2 swamp worms (D:7)
  8 wargs (Orc:2)
  18 water moccasins
  3 acid dragons
  2 ice beasts (D:8)
  13 orc warriors
  2 black bears
  4 ogres
  10 wolves
  A phantom (D:6)
  21 centaurs
  4 kobold brigands
  14 bullfrogs
  A gnoll sergeant (D:9)
  17 wights
  2 scorpions
  6 killer bees (D:8)
  9 howler monkeys
  An electric eel (Spider:2)
  14 orc priests
  2 hounds (D:6)
  5 jellies
  2 sleepcaps
  A gnoll bouda (D:7)
  5 iguanas
  46 orc wizards
  Robin (D:3)
  5 gnolls (D:7)
  14 adders
  A shadow imp (D:5)
  3 white imps
  2 ufetubi
  3 worms (D:2)
  2 dart slugs (D:1)
  95 orcs
  5 ball pythons
  8 bats
  5 endoplasms
  5 giant cockroaches
  15 goblins
  8 hobgoblins
  8 jackals
  5 quokkas
  2 frilled lizards (D:1)
  20 kobolds
  3 rats
867 creatures vanquished.

Vanquished Creatures (others)
  A troll (D:11)
  An orc wizard (D:4)
2 creatures vanquished.

Grand Total: 869 creatures vanquished

Table legend: (Time is in decaauts)
 A = Elapsed time spent in this place.
 B = Non-inter-level travel time spent in this place.
 C = Inter-level travel time spent in this place.
 D = Time resting spent in this place.
 E = Time spent auto-exploring this place.
 F = Levels seen in this place.
 G = Mean time per level.
                   A        B        C        D        E       F      G
               +--------+--------+--------+--------+--------+-----+--------+
         Total |  41431 |  39635 |   1796 |  17591 |  12574 |  26 | 1593.5 |
       Dungeon |  20493 |  19605 |    888 |   7544 |   5860 |  14 | 1463.8 |
        Temple |    167 |    138 |     29 |      0 |    121 |   1 |  167.0 |
          Lair |  10183 |   9966 |    217 |   4328 |   4284 |   5 | 2036.6 |
   Spider Nest |   8693 |   8227 |    466 |   5416 |   1312 |   4 | 2173.2 |
  Orcish Mines |   1894 |   1699 |    195 |    303 |    997 |   2 |  947.0 |
               +--------+--------+--------+--------+--------+-----+--------+

Top non-repeatable levels by time:
  Lair:2: 4615 daAuts
Spider:3: 3011 daAuts
Spider:4: 2699 daAuts
     D:8: 2411 daAuts
Spider:1: 2205 daAuts
    D:13: 2148 daAuts
     D:5: 2107 daAuts
  Lair:1: 2021 daAuts
     D:9: 1920 daAuts
  Lair:5: 1779 daAuts
     D:7: 1655 daAuts
    D:10: 1634 daAuts
     D:2: 1508 daAuts
   Orc:2: 1357 daAuts
     D:4: 1280 daAuts

Table legend:
 A = Non-vault XP
 B = Vault XP
 C = Vault XP percentage of total XP
 D = Non-vault monster count
 E = Vault monster count
 F = Vault count percentage of total count
                 A         B        C        D         E       F
            +---------+---------+-------+---------+---------+-------
      Total |  134893 |   59708 |  30.7 |     641 |     228 |  26.2
            +---------+---------+-------+---------+---------+-------
        D:1 |      38 |       0 |   0.0 |      19 |       0 |   0.0
        D:2 |     110 |       6 |   5.2 |      25 |       3 |  10.7
        D:3 |     151 |     297 |  66.3 |      18 |      13 |  41.9
        D:4 |     280 |       0 |   0.0 |      26 |       0 |   0.0
        D:5 |     689 |       0 |   0.0 |      25 |       0 |   0.0
        D:6 |     767 |     290 |  27.4 |      17 |       1 |   5.6
        D:7 |    1262 |     369 |  22.6 |      28 |       3 |   9.7
        D:8 |    1772 |    2555 |  59.0 |      26 |      18 |  40.9
        D:9 |    3555 |    1299 |  26.8 |      30 |       8 |  21.1
       D:10 |    1263 |    6253 |  83.2 |      22 |      17 |  43.6
       D:11 |    4287 |    5223 |  54.9 |      18 |      13 |  41.9
       D:12 |    4473 |       0 |   0.0 |      17 |       0 |   0.0
       D:13 |    8891 |    1654 |  15.7 |      25 |       2 |   7.4
       D:14 |    2515 |       0 |   0.0 |       9 |       0 |   0.0
     Lair:1 |    4729 |       0 |   0.0 |      19 |       0 |   0.0
     Lair:2 |    8396 |    4727 |  36.0 |      22 |      14 |  38.9
     Lair:3 |    7147 |     453 |   6.0 |      27 |       4 |  12.9
     Lair:4 |    3778 |     842 |  18.2 |      16 |       2 |  11.1
     Lair:5 |    6870 |   13379 |  66.1 |      24 |      33 |  57.9
   Spider:1 |   15360 |    3939 |  20.4 |      43 |       4 |   8.5
   Spider:2 |   11289 |       0 |   0.0 |      29 |       0 |   0.0
   Spider:3 |   24494 |       0 |   0.0 |      63 |       0 |   0.0
   Spider:4 |   17064 |   11105 |  39.4 |      37 |      25 |  40.3
      Orc:1 |    2106 |     922 |  30.4 |      39 |       3 |   7.1
      Orc:2 |    3607 |    6395 |  63.9 |      17 |      65 |  79.3
            +---------+---------+-------+---------+---------+-------
